 Dungeon Crawl Stone Soup version 0.27-a0-789-g6bb3289e1e (webtiles) character file.

Game seed: 9661413127354790086

25 dolemite99 the Cutter (level 2, 0/24 HPs)
             Began as a Demonspawn Abyssal Knight on Mar 27, 2021.
             Was a Follower of Lugonu.
             Slain by a worm (3 damage)
             ... on level 2 of the Dungeon.
             The game lasted 00:01:27 (1407 turns).

dolemite99 the Cutter (Demonspawn Abyssal Knight)   Turns: 1407, Time: 00:01:28

Health: 0/24       AC:  5    Str: 12    XL:     2   Next: 82%
Magic:  3/3        EV:  7    Int: 15    God:    Lugonu [*.....]
Gold:   21         SH:  6    Dex: 12    Spells: 1/1 levels left

rFire    . . .     SeeInvis .   e - +0 dagger
rCold    . . .     Faith    .   c - +0 kite shield
rNeg     . . .     Spirit   .   h - +0 ring mail
rPois    .         Reflect  .   (no helmet)
rElec    .         Harm     .   (no cloak)
rCorr    .         Rampage  .   (no gloves)
Will     .....                  (no boots)
Stlth    +.........             (no amulet)
HPRegen  0.08/turn              (no ring)
MPRegen  0.08/turn              (no ring)

@: no status effects
A: big brain 1
a: Renounce Religion, Depart the Abyss


You were on level 2 of the Dungeon.
You worshipped Lugonu.
Lugonu was aware of your devotion.
You visited 1 branch of the dungeon, and saw 2 of its levels.
You visited the Abyss 1 time.

You collected 21 gold pieces.

Inventory:

Hand Weapons
 a - a +1 short sword
 e - a +0 dagger (weapon)
Missiles
 f - 21 poisoned darts
 i - 8 arrows
Armour
 b - a +0 leather armour
 c - a +0 kite shield (worn)
 h - a +0 ring mail (worn)
Scrolls
 d - a scroll of magic mapping
 g - a scroll of identify {@r1}


   Skills:
 - Level 3.0 Fighting
 + Level 3.1 Short Blades
 - Level 1.7 Armour
 - Level 0.8 Dodging
 - Level 2.4 Invocations


You had one spell level left.
You didn't know any spells.
Your spell library was empty.

Dungeon Overview and Level Annotations

Branches:
Dungeon (2/15)

Altars:
Nemelex Xobeh

Annotations:
D:1 exclusion: downstairs


Innate Abilities, Weirdness & Mutations

You have an unusually large brain. (Int +2)


Message History

The worm is heavily wounded.
The worm bites you but does no damage.
You hit the worm but do no damage.
The worm is heavily wounded.
You hit the worm but do no damage.
The worm is heavily wounded.
The worm barely misses you.
You hit the worm.
The worm is severely wounded.
The worm bites you.
You hit the worm but do no damage.
The worm is severely wounded.
Your shield prevents you from hitting the worm.
The worm is severely wounded.
The worm bites you.
You hit the worm but do no damage.
The worm is heavily wounded.
The worm barely misses you.
You hit the worm but do no damage.
The worm is heavily wounded.
You hit the worm.
The worm is severely wounded.
The worm closely misses you.
You hit the worm but do no damage.
The worm is severely wounded.
The worm bites you but does no damage.
You hit the worm.
The worm is severely wounded.
The worm bites you.
* * * LOW HITPOINT WARNING * * *
You hit the worm but do no damage.
The worm is severely wounded.
You hit the worm.
The worm is almost dead.
The worm bites you.
* * * LOW HITPOINT WARNING * * *
You hit the worm.
The worm is almost dead.
The worm bites you.
You die...

###### #.... #....
#... #... #..# .
#...##.. .. #...##.#
.# #...##@# ..#
#...##w# .w
######...##.###.####.
..........#...J......
....................#
.........##.......###
.......<###.^..####
........# #.####
........# #..


You could see a worm.

Vanquished Creatures
  A dart slug (D:2)
  2 ball pythons (D:1)
  3 endoplasms
  A giant cockroach (D:1)
  A hobgoblin (D:1)
  4 jackals (D:1)
  A quokka (D:1)
  A frilled lizard (D:2)
  2 goblins (D:1)
  2 kobolds (D:1)
  A rat (D:1)
19 creatures vanquished.

Notes
Turn   | Place    | Note
-------+----------+-------------------------------------------
     0 | Abyss:1  | dolemite99 the Demonspawn Abyssal Knight began the quest
                  | for the Orb.
     0 | Abyss:1  | Reached XP level 1. HP: 18/18 MP: 2/2
    33 | D:1      | Escaped the Abyss
   465 | D:1      | Gained mutation: You have an unusually large brain. (Int
                  | +2) [demonic ancestry]
   465 | D:1      | Reached XP level 2. HP: 24/24 MP: 3/3
  1107 | D:1      | Found a sparkling altar of Nemelex Xobeh.
  1284 | D:2      | Noticed an ogre
  1407 | D:2      | Slain by a worm

Illustrated notes

Levels and vault maps discovered:
D:1:      heliophobic_arrival_enchanted_forest, layout_basic, nrook_campfire,
          serial_park_tiny_pond, nemelex_xobeh_ov_fountains_minmay
D:2:      minmay_recursive_quarters, layout_basic

Skill      XL: |  1  2 |
---------------+-------+-----
Short Blades   | 2 3 |  3.1
Fighting       | |  3.0
Armour         | |  1.7
Dodging        | |  0.8
Invocations    | |  2.4

Action                   || total
-------------------------++-------
Melee: Dagger            ||   112
       Short sword       ||    13
  Use: Scroll            ||     1
Armor: Leather armour    ||    26
       Ring mail         ||    11
Dodge: Dodged            ||    52
Block: Kite shield       ||    14

Table legend: (Time is in decaauts)
 A = Elapsed time spent in this place.
 B = Non-inter-level travel time spent in this place.
 C = Inter-level travel time spent in this place.
 D = Time resting spent in this place.
 E = Time spent auto-exploring this place.
 F = Levels seen in this place.
 G = Mean time per level.
                   A        B        C        D        E       F      G
               +--------+--------+--------+--------+--------+-----+--------+
         Total |   1408 |   1334 |     74 |    499 |    570 |   3 |  469.3 |
       Dungeon |   1375 |   1301 |     74 |    499 |    546 |   2 |  687.5 |
         Abyss |     33 |     33 |      0 |      0 |     24 |   1 |   33.0 |
               +--------+--------+--------+--------+--------+-----+--------+

Top non-repeatable levels by time:
     D:1: 1318 daAuts
     D:2: 56 daAuts
 Abyss:1: 33 daAuts
